 Dungeon Crawl Stone Soup version 0.18-b1-18-g7758cf2 (webtiles) character file.

54 HaroldButt the Conjurer (level 3, 0/19 HPs)
             Began as a Deep Elf Conjurer on May 2, 2016.
             Slain by nikopol's ghost (6 damage)
             ... on level 3 of the Dungeon.
             The game lasted 00:07:43 (1736 turns).

HaroldButt the Conjurer (Deep Elf Conjurer)         Turns: 1736, Time: 00:07:43

Health: 0/19       AC:  5    Str:  5    XL:     3   Next: 66%
Magic:  4/10       EV: 13    Int: 20    God:
Gold:   82         SH:  0    Dex: 15    Spells: 3 memorised, 3 levels left

rFire  . . .     SeeInvis .     e - +4 dagger (holy)
rCold  . . .     Gourm    +     a - +0 robe
rNeg   . . .     Faith    .     (no shield)
rPois  .         Spirit   .     (no helmet)
rElec  .         Dismiss  .     (no cloak)
rCorr  .         Reflect  .     (no gloves)
SustAt +         Harm     .     (no boots)
MR     .....                    o - amulet of the gourmand
Stlth  ++........               n - ring of sustain attributes
                                h - +3 ring of protection

@: not resistant to hostile enchantments, unstealthy
A: no striking features
a: no special abilities


You were on level 3 of the Dungeon.
You were not hungry.

You visited 1 branch of the dungeon, and saw 3 of its levels.

You collected 82 gold pieces.

Inventory:

Hand Weapons
 e - a +4 dagger of holy wrath (weapon)
Armour
 a - a +0 robe (worn)
Jewellery
 h - a +3 ring of protection (left hand)
 n - a ring of sustain attributes (right hand)
 o - an amulet of the gourmand (around neck)
Scrolls
 f - a scroll of noise {unknown}
Potions
 d - a potion of haste {unknown}
 i - 2 potions of curing {unknown}
 l - a potion of heal wounds {unknown}
Books
 b - a book of Conjurations

   Spells                             Type                      Level
   a - Magic Dart                     Conjuration                  1
   b - Searing Ray                    Conjuration                  2
   c - Dazzling Spray                 Conjuration/Hexes            3
   d - Fulminant Prism                Conjuration/Hexes            4
   e - Iskenderun's Mystic Blast      Conjuration                  4
   f - Iskenderun's Battlesphere      Conjuration/Charms           5
Comestibles
 c - 2 bread rations
 q - 4 fruits


   Skills:
 - Level 2.4 Dodging
 - Level 2.4 Stealth
 + Level 3.6 Spellcasting
 + Level 5.6 Conjurations


You had 3 spell levels left.
You knew the following spells:

 Your Spells              Type           Power        Failure   Level  Hunger
a - Magic Dart            Conj           ####         1%          1    None
b - Searing Ray           Conj           ####..       1%          2    ##.....
c - Dazzling Spray        Conj/Hex       ##......     14%         3    ###....


Dungeon Overview and Level Annotations

Branches:
Dungeon (3/15)

Altars:

Annotations:
D:3 nikopol's ghost, amateur MiBe


Message History

The searing ray hits nikopol's ghost.
The searing ray hits nikopol's ghost.
Nikopol's ghost is lightly damaged.
Nikopol's ghost yells, "Who would have thought, even in death it is a pleasure to sever!"
Nikopol's ghost hits you but does no damage.
The searing ray hits nikopol's ghost.
Nikopol's ghost is moderately damaged.
Nikopol's ghost hits you.
The searing ray hits nikopol's ghost.
Nikopol's ghost is heavily damaged.
Nikopol's ghost hits you.
Casting: Searing Ray
Confirm with . or Enter, or press ? or * to list all spells.
Aiming: Magic Dart
Press: ? - help, Shift-Dir - straight line, f/p - nikopol's ghost
Aim: nikopol's ghost, wielding a vorpal weapon (heavily damaged)
The magic dart hits nikopol's ghost.
Nikopol's ghost is severely damaged.
Nikopol's ghost hits you.
You die...

#..........#.#.#
#.###[##.#.#...#
#.# #รท##.#.#.#.##
#.###.##.#..###.#
#.....##.#.#.#.##
###.####......##
#.# #.#.#..# #W#
#.#.#..#
#@####.#.#..#
#..###.##........#
#...............##
...#########.#.###
#.#.# ..#.# ####.#


You could see nikopol's ghost.

Vanquished Creatures
  2 adders
  A worm (D:3)
  A dart slug (D:1)
  A giant gecko (D:1)
  5 hobgoblins
  2 ball pythons (D:3)
  7 bats
  A giant newt (D:2)
  4 goblins
  4 kobolds
  4 rats
32 creatures vanquished.

Notes
Turn   | Place    | Note
--------------------------------------------------------------
     0 | D:1      | HaroldButt the Deep Elf Conjurer began the quest for the Orb.
     0 | D:1      | Reached XP level 1. HP: 10/10 MP: 6/6
   262 | D:1      | Reached XP level 2. HP: 15/15 MP: 2/8
   271 | D:1      | Reached skill level 5 in Conjurations
   551 | D:2      | Learned a level 2 spell: Searing Ray
   830 | D:2      | Reached XP level 3. HP: 19/19 MP: 5/9
   835 | D:2      | Learned a level 3 spell: Dazzling Spray
  1428 | D:3      | Noticed nikopol's ghost (amateur MiBe)
  1736 | D:3      | Slain by nikopol's ghost

Skill      XL: |  1  2 |
---------------+-------+-----
Conjurations   | 5 |  5.6
Dodging        | |  2.4
Stealth        | |  2.4
Spellcasting   | |  3.6

Action                   || total
-------------------------++-------
Melee: Dagger            ||    21
 Cast: Magic Dart        ||    45
       Searing Ray       ||     4
  Use: Scroll            ||     7
 Stab: Sleeping          ||     2
  Eat: Chunk             ||     5
Armor: Robe              ||     7
Dodge: Dodged            ||    21
